 Dungeon Crawl Stone Soup version bcrawl-1.34.4 (webtiles) character file.

Game seed: 15686216533817514023

311410 KristoblXynda the Covert (level 11, -10/83 HPs)
             Began as a Vampire Gladiator on Oct 25, 2021.
             Was a Follower of Ashenzari.
             Mangled by an orc warrior
             ... wielding a +0 scimitar
              (22 damage)
             ... on level 9 of the Dungeon.
             The game lasted 00:17:27 (11148 turns).

KristoblXynda the Covert (Vampire Gladiator)       Turns: 11148, Time: 00:17:28

Health: -10/83     AC:  6    Str: 24    XL:     11   Next: 15%
Magic:  11/11      EV: 18    Int:  8    God:    Ashenzari [*.....]
Gold:   521        SH:  6    Dex: 16    Spells: 10/10 levels left

rFire    + . .     SeeInvis +   x - +5 short sword
rCold    . . .     Gourm    .   m - +0 buckler
rNeg     + + .     Faith    .   b - +0 leather armour
rPois    ∞         Spirit   .   c - +0 helmet (curse)
rElec    .         Reflect  .   w - +0 cloak {MR+} (curse)
rCorr    .         Harm     .   l - +0 pair of gloves (curse)
MR       ++...                  (no boots)
Stlth    +++++++...             (no amulet)
HPRegen  0.11/turn              n - ring of flight
MPRegen  0.12/turn              t - ring "Biojan" {Fire Str+4}

@: regenerating slowly
A: claws 1, fangs 3, see invisible, unbreathing
a: Curse Item, Scrying, Renounce Religion, Evoke Flight


You were on level 9 of the Dungeon.
You worshipped Ashenzari.
Ashenzari was aware of your devotion.
You were very thirsty.

You visited 2 branches of the dungeon, and saw 10 of its levels.

You collected 521 gold pieces.

Inventory:

Hand Weapons
 a - a +0 long sword
 x - a +5 short sword (weapon)
Armour
 b - a +0 leather armour (worn)
 c - a cursed +0 helmet (worn)
 l - a cursed +0 pair of gloves (worn)
 m - a +0 buckler (worn)
 w - a cursed +0 cloak of magic resistance (worn)
Jewellery
 n - a ring of flight (left hand)
 t - the ring "Biojan" (right hand) {Fire Str+4}
   (You found it on level 3 of the Dungeon)

   [ring of fire]

   It enhances your fire magic.
   It affects your strength (+4).
   It protects you from fire.
   It makes you vulnerable to cold.
 v - an uncursed ring of protection from fire
 C - an uncursed ring of wizardry
Wands
 r - a wand of paralysis (8)
 y - a wand of iceblast (19)
 D - a wand of clouds (6)
Scrolls
 f - 7 scrolls of teleportation
 g - 4 scrolls of amnesia
 h - a scroll of fear
 p - 3 scrolls of magic mapping
 B - a scroll of remove curse
Potions
 d - a potion of flight {unknown}
 e - a potion of magic
 j - a potion of mutation
 k - 3 potions of brilliance
 o - a potion of cancellation
 q - 17 potions of blood
 s - 2 potions of haste
 u - a potion of might
 z - 4 potions of curing
 E - a potion of agility {unknown}


   Skills:
 + Level 6.6 Fighting
 + Level 10.9 Long Blades
 - Level 2.1 Throwing
 + Level 1.2 Armour
 + Level 10.1 Dodging
 - Level 12.0 Stealth
 + Level 5.1 Shields


You had 10 spell levels left.
You didn't know any spells.
Your spell library contained the following spells:

 Spells                   Type           Power        Failure   Level  Hunger
 Apportation              Tloc           #.....       67%         1    None
 Infusion                 Chrm           #.......     67%         1    None
 Magic Dart               Conj           #...         67%         1    None
 Sandblast                Erth           #.....       67%         1    None
 Slow                     Hex            #.......     67%         1    None
 Summon Butterflies       Summ           #.......     67%         1    None
 Searing Ray              Conj           #.......     80%         2    ####...
 Iskenderun's Mystic Bla  Conj           #.......     95%         3    #####..
 Fulminant Prism          Conj/Hex       #.........   100%        4    ######.
 Bolt of Magma            Conj/Fire/Erth #.........   100%        5    #######
 Irradiate                Conj/Tmut      #.........   100%        5    #######
 Iron Shot                Conj/Erth      #.........   100%        6    #######
 Statue Form              Tmut/Erth      #........    100%        6    #######
 Shatter                  Erth           #.........   100%        9    #######


Dungeon Overview and Level Annotations

Branches:
Dungeon (9/12)             Temple (1/1) D:4            Lair (0/6) D:7
    Orc: D:8-11

Altars:
Ashenzari
Cheibriados
Dithmenos
Elyvilon
Fedhas
Gozag
Hepliaklqana
Kikubaaqudgha
Makhleb
Nemelex Xobeh
Okawaru
Qazlal
Ru
Sif Muna
Trog
Uskayaw
Vehumet
Wu Jian
Xom
Yredelemnul
Zin
The Shining One


Innate Abilities, Weirdness & Mutations

You heal slowly.
You are immune to poison.
You have sharp fingernails.
You have razor-sharp teeth.
You have supernaturally acute eyesight. (SInv)
You can survive without breathing.


Message History

The orc warrior is moderately wounded.
Your shield prevents you from hitting the orc warrior.
The orc warrior is moderately wounded.
You block the orc warrior's attack.
You are feeling very thirsty.
You hit the orc warrior.
The orc warrior is heavily wounded.
The orc warrior barely misses you.
You closely miss the orc warrior.
The orc warrior is heavily wounded.
You feel better.
The orc warrior hits you but does no damage.
You puncture the orc warrior!
The orc warrior is severely wounded.
The orc warrior hits you with a +0 scimitar!!
* * * LOW HITPOINT WARNING * * *
You hit the orc warrior.
The orc warrior is almost dead.
The orc warrior hits you with a +0 scimitar!!
You die...

#.# #:PP#
#.###########
#........ ....
#.####### ####
#.# #.# #§#
#§# #@# #o#
#o############
#oo..oO)......
#Z....Z.......
#.############
#.# #.# #.#


You could see an orc warrior and an orc.

Vanquished Creatures
  2 centaur warriors (D:7)
  2 two-headed ogres (D:8)
  A troll (D:7)
  Maurice (D:8)
  Grinder (D:4)
  A hippogriff (D:4)
  4 hogs (D:7)
  A human (D:7)
  4 yaks (D:8)
  2 wargs (D:7)
  Edmund (D:6)
  A crocodile (D:9)
  An ice beast (D:6)
  A black bear (D:6)
  A sky beast (D:5)
  2 orc warriors
  A necrophage (D:9)
  2 phantoms
  4 ogres
  2 centaurs
  A bullfrog (D:8)
  A wyvern zombie (D:8)
  A wyvern skeleton (D:8)
  A scorpion (D:4)
  10 killer bees
  5 wights (D:6)
  6 orc priests
  6 crimson imps
  4 howler monkeys
  A centaur zombie (D:8)
  8 jellies
  A centaur skeleton (D:8)
  3 hounds
  4 iguanas
  2 bullfrog skeletons
  A gnoll shaman (D:4)
  4 orc wizards
  5 worker ants
  A killer bee zombie (D:6)
  A hound skeleton (D:7)
  2 worker ant zombies (D:6)
  6 gnolls (D:4)
  10 adders
  3 shadow imps
  An adder zombie (D:8)
  2 oozes
  An adder skeleton (D:5)
  A worm (D:2)
  A dart slug (D:3)
  2 leopard geckos
  29 orcs
  A ball python (D:5)
  5 bats
  4 giant cockroaches
  4 goblins
  8 hobgoblins
  9 jackals
  3 quokkas
  2 frilled lizards
  A jackal skeleton (D:4)
  10 kobolds
  A quokka zombie (D:5)
  5 rats
  A spectral kobold (D:3)
  A butterfly (D:1)
214 creatures vanquished.

Notes
Turn   | Place    | Note
-------+----------+-------------------------------------------
     0 | D:1      | KristoblXynda the Vampire Gladiator began the quest for the
                  | Orb.
     0 | D:1      | Reached XP level 1. HP: 17/17 MP: 1/1
     6 | D:1      | Noticed a black bear
     6 | D:1      | Noticed a hog
     6 | D:1      | Noticed a swamp worm
     7 | D:1      | Noticed a salamander
   334 | D:1      | Reached XP level 2. HP: 23/23 MP: 2/2
  1210 | D:2      | Reached XP level 3. HP: 18/29 MP: 3/3
  1652 | D:2      | Reached skill level 1 in Stealth
  1652 | D:2      | Reached XP level 4. HP: 32/35 MP: 4/4
  1798 | D:2      | Found a sacrificial altar of Ru.
  1799 | D:2      | Found a shattered altar of Ashenzari.
  1802 | D:2      | Found a blossoming altar of Fedhas.
  1805 | D:2      | Found a glowing silver altar of Zin.
  1805 | D:2      | Found a shadowy altar of Dithmenos.
  1807 | D:2      | Found a shimmering blue altar of Sif Muna.
  1810 | D:2      | Became a worshipper of Ashenzari the Shackled
  1811 | D:2      | Found the cursed amulet of Vision {SInv *Curse}
  2083 | D:2      | Reached skill level 2 in Stealth
  2368 | D:3      | Reached XP level 5. HP: 16/41 MP: 5/5
  2589 | D:3      | Identified the ring "Biojan" {Fire Str+4}
  2593 | D:3      | Found a hazy altar of Hepliaklqana.
  2647 | D:3      | Found a basalt altar of Yredelemnul.
  3052 | D:3      | Noticed a phantom
  3085 | D:3      | Killed a phantom
  3086 | D:3      | Reached skill level 5 in Long Blades
  3086 | D:3      | Reached skill level 3 in Stealth
  3086 | D:3      | Reached XP level 6. HP: 46/48 MP: 6/6
  3287 | D:4      | Noticed a hippogriff
  3325 | D:4      | Killed a hippogriff
  3326 | D:4      | Reached skill level 5 in Dodging
  3326 | D:4      | Reached skill level 4 in Stealth
  3581 | D:4      | Reached XP level 7. HP: 35/55 MP: 7/7
  3673 | D:4      | Reached skill level 5 in Stealth
  3857 | D:4      | Noticed Grinder
  3862 | D:4      | Paralysed by Grinder for 4 turns
  3889 | D:4      | Killed Grinder
  3936 | D:4      | Reached skill level 6 in Stealth
  4129 | D:4      | Found a radiant altar of Vehumet.
  4232 | D:4      | Found a hide-covered altar of Uskayaw.
  4278 | D:4      | Found a staircase to the Ecumenical Temple.
  4329 | Temple   | Entered the Ecumenical Temple
  4663 | D:5      | Entered Level 5 of the Dungeon
  4675 | D:5      | Reached skill level 5 in Fighting
  4675 | D:5      | Reached XP level 8. HP: 43/62 MP: 8/8
  5105 | D:5      | Found a sparkling altar of Nemelex Xobeh.
  5183 | D:5      | Reached skill level 7 in Stealth
  5339 | D:5      | Found a shimmering altar of Xom.
  5547 | D:5      | Reached * piety under Ashenzari
  5725 | D:6      | Noticed Edmund
  5748 | D:6      | Reached skill level 8 in Stealth
  5766 | D:6      | Killed Edmund
  6152 | D:6      | Reached XP level 9. HP: 53/69 MP: 9/9
  6802 | D:6      | Reached skill level 9 in Stealth
  6802 | D:6      | Reached skill level 1 in Shields
  7194 | D:6      | Found a snail-covered altar of Cheibriados.
  7339 | D:7      | Found a staircase to the Lair.
  7660 | D:7      | Found a white marble altar of Elyvilon.
  7985 | D:7      | Found a shattered altar of Ashenzari.
  7987 | D:7      | Noticed a centaur warrior
  8016 | D:7      | Killed a centaur warrior
  8017 | D:7      | Reached skill level 10 in Stealth
  8041 | D:7      | Noticed a troll
  8053 | D:7      | Killed a troll
  8071 | D:7      | Reached XP level 10. HP: 31/76 MP: 10/10
  8336 | D:7      | Noticed a centaur warrior
  8342 | D:7      | Killed a centaur warrior
  8343 | D:7      | Reached skill level 11 in Stealth
  8966 | D:7      | Reached skill level 10 in Long Blades
  9506 | D:8      | Noticed Maurice
  9526 | D:8      | Killed Maurice
  9527 | D:8      | Noticed a two-headed ogre
  9558 | D:8      | Killed a two-headed ogre
  9559 | D:8      | Reached skill level 12 in Stealth
  9598 | D:8      | Noticed a two-headed ogre
  9616 | D:8      | Killed a two-headed ogre
  9950 | D:8      | Reached XP level 11. HP: 65/82 MP: 11/11
  9964 | D:8      | Reached skill level 5 in Shields
 10149 | D:8      | Reached skill level 10 in Dodging
 10532 | D:9      | Found an iron altar of Okawaru.
 10595 | D:9      | Reached skill level 1 in Armour
 11148 | D:9      | Mangled by an orc warrior

Skill      XL: |  1  2  3  4  5  6  7  8  9 10 11 |
---------------+----------------------------------+-----
Long Blades    | 4 5 6 7 9 10 | 10.9
Fighting       | 3 4 5 6 |  6.6
Throwing       | 2 |  2.1
Dodging        | 4 5 6 7 8 9 10 | 10.1
Stealth        | 1 2 3 4 6 8 10 12 | 12.0
Shields        | 3 4 5 |  5.1
Armour         | 1 |  1.2

Action                   |  1- 3 |  4- 6 |  7- 9 | 10-12 || total
-------------------------+-------+-------+-------+-------++-------
Melee: Long sword        |    89 |   139 |    18 |       ||   246
       Bite              |     4 |    20 |    47 |    47 ||   118
       Short sword       |       |       |   324 |   281 ||   605
Throw: Throwing net      |       |     1 |     7 |       ||     8
Invok: Curse Item        |       |       |     2 |     1 ||     3
 Abil: Evoke Flight      |     1 |       |       |       ||     1
  Use: Potion            |     2 |     9 |    18 |    11 ||    40
       Scroll            |       |     5 |    10 |     6 ||    21
 Stab: Sleeping          |     5 |     6 |    22 |    18 ||    51
       Held in net/web   |       |       |     3 |       ||     3
       Distracted        |       |       |       |     1 ||     1
Armor: Leather armour    |    31 |    29 |    32 |    26 ||   118
Dodge: Dodged            |    79 |    99 |   177 |   176 ||   531
Block: Other             |     3 |     5 |     1 |       ||     9
       Buckler           |       |       |       |    79 ||    79
